 Dungeon Crawl Stone Soup version 0.28-a0-1567-g1695149f81 (webtiles) character file.

Game seed: 17413983713554506992

23 southernslant the Poker (level 2, -2/25 HPs)
             Began as a Draconian Gladiator on Jan 20, 2022.
             Was a Plaything of Xom.
             Slain by a gnoll (5 damage)
             ... on level 2 of the Dungeon.
             The game lasted 00:02:10 (808 turns).

southernslant the Poker (Draconian Gladiator)        Turns: 808, Time: 00:02:11

Health: -2/25      AC:  4    Str: 16    XL:     2   Next: 72%
Magic:  2/2        EV: 12    Int: 14    God:    Xom [..*...]
Gold:   42         SH:  0    Dex: 12    Spells: 1/1 levels left

rFire   . . .      SeeInvis .   a - +0 trident
rCold   . . .      Faith    +   (no shield)
rNeg    . . .      Spirit   .   (armour unavailable)
rPois   .          Reflect  .   b - +0 hat
rElec   .          Harm     .   (no cloak)
rCorr   .          Rampage  .   (no gloves)
Will    .....                   (no boots)
Stlth   +.........              f - amulet of faith
HPRegen 0.08/turn               e - +6 ring of intelligence
MPRegen 0.08/turn               (no ring)

@: no status effects
A: AC +4, unfitting armour, cold-blooded
a: Renounce Religion


You were on level 2 of the Dungeon.
You worshipped Xom.
You were a toy of Xom.
You visited 1 branch of the dungeon, and saw 2 of its levels.

You collected 42 gold pieces.

Inventory:

Hand Weapons
 a - a +0 trident (weapon)
Missiles
 c - 3 throwing nets (quivered)
 g - 5 curare-tipped darts
Armour
 b - a +0 hat (worn)
Jewellery
 e - a +6 ring of intelligence (left hand)
 f - an amulet of faith (around neck)
Scrolls
 d - a scroll of fear {unknown}


   Skills:
 * Level 2.8 Fighting
 + Level 3.2 Polearms
 + Level 2.0 Throwing
 + Level 2.8 Dodging
 + Level 0.6 Shields


You had one spell level left.
You didn't know any spells.
Your spell library was empty.

Dungeon Overview and Level Annotations

Branches:
Dungeon (2/15)

Altars:
Gozag
Xom


Innate Abilities, Weirdness & Mutations

Your plain brown scales are hard. (AC +4)
You cannot fit into any form of body armour.
You are cold-blooded and may be slowed by cold attacks.


Message History

There is a stone staircase leading up here.
A gnoll is nearby!
There are no items here.
A gnoll is nearby!
Found an opulent altar of Gozag.
The gnoll shouts!
You see here 10 gold pieces.
You now have 42 gold pieces (gained 10).
A gnoll comes into view. It is wielding a +0 spear.
The gnoll shouts!
You reach to attack!
You hit the gnoll.
The gnoll is lightly wounded.
A gnoll comes into view. It is wielding a +0 halberd.
You closely miss the gnoll.
The gnoll is lightly wounded.
The gnoll barely misses you.
A gnoll comes into view. It is wielding a +0 flail.
Okay, then.
The gnoll shouts! x2; You hear a shout!
There is a stone staircase leading up here.
You hit the gnoll.
The gnoll is heavily wounded.
The gnoll barely misses you. The gnoll hits you but does no damage.
You hit the gnoll.
The gnoll is severely wounded.
The gnoll hits you but does no damage.
The gnoll hits you from afar with a +0 spear.
You closely miss the gnoll.
Your tail-slap misses the gnoll.
The gnoll is severely wounded.
The gnoll hits you with a +1 whip of pain!
The gnoll barely misses you.
You hit the gnoll.
The gnoll is almost dead.
The gnoll misses you. x2
The gnoll hits you with a +1 whip of pain!
* * * LOW HITPOINT WARNING * * *
You writhe in agony.
* * * LOW HITPOINT WARNING * * *
The gnoll hits you from afar with a +0 spear.
You die...

...#.....#
#.##..#.#
#.......####
###.g.....>..
##g######..
#g## #.g#
#####.####
#...@....#
.....########
###


You could see a gnoll.

Vanquished Creatures
  A dart slug (D:1)
  A bat (D:1)
  3 endoplasms (D:1)
  A goblin (D:1)
  2 hobgoblins (D:1)
  2 quokkas (D:1)
  3 ball pythons (D:1)
  A frilled lizard (D:1)
  2 kobolds (D:1)
  3 rats (D:1)
19 creatures vanquished.

Notes
Turn   | Place    | Note
-------+----------+-------------------------------------------
     0 | D:1      | southernslant the Draconian Gladiator began the quest for
                  | the Orb.
     0 | D:1      | Reached XP level 1. HP: 17/17 MP: 1/1
   255 | D:1      | Reached XP level 2. HP: 17/25 MP: 2/2
   745 | D:1      | Found a faded altar of an unknown god.
   763 | D:1      | Prayed at the altar of an unknown god.
   763 | D:1      | Became a worshipper of Xom of Chaos
   791 | D:2      | Found an opulent altar of Gozag.
   808 | D:2      | Slain by a gnoll

Illustrated notes

Levels and vault maps discovered:
D:1:      wander_arrival_estate, layout_rooms, basic_ecumenical_altar
D:2:      layout_rooms, basic_altar, corexii_item_surrounded_by_moat,
          minmay_small_reverse_x

Skill      XL: |  1  2 |
---------------+-------+-----
Throwing       | 2 |  2.0
Fighting       | |  2.8
Polearms       | |  3.2
Dodging        | |  2.8
Shields        | |  0.6

Action                   || total
-------------------------++-------
Melee: Trident           ||    59
       Tailslap          ||     4
 Stab: Sleeping          ||     1
Armor: Skin              ||    16
Dodge: Dodged            ||    34

Table legend: (Time is in decaauts)
 A = Elapsed time spent in this place.
 B = Non-inter-level travel time spent in this place.
 C = Inter-level travel time spent in this place.
 D = Time resting spent in this place.
 E = Time spent auto-exploring this place.
 F = Levels seen in this place.
 G = Mean time per level.
                   A        B        C        D        E       F      G
               +--------+--------+--------+--------+--------+-----+--------+
         Total |    815 |    796 |     19 |      0 |    642 |   2 |  407.5 |
       Dungeon |    815 |    796 |     19 |      0 |    642 |   2 |  407.5 |
               +--------+--------+--------+--------+--------+-----+--------+

Top non-repeatable levels by time:
     D:1: 797 daAuts
     D:2: 18 daAuts
